[Event "Team 45 45 League T26"]
[Site "Internet Chess Club"]
[Date "2005.04.01"]
[Round "3"]
[White "Catalog"]
[Black "Zap"]
[Result "1/2-1/2"]
[WhiteElo "2105"]
[BlackElo "2108"]
[TimeControl "2700+45"]

1. d4 Nf6 2. c4 e6 3. Nf3 b6 4. e3 Bb7 5. Bd3 c5 6. O-O Nc6 7. Nc3 Nb4 8. Be2
Ne4 9. Nxe4 Bxe4 10. a3 Na6 11. Bd2 Be7 12. Bc3 Bf6 13. Rc1 O-O 14. b4 d6 15. b5
Nc7 16. a4 a5 17. Nd2 Bg6 18. f4 Qe7 19. g4 h6 20. Bf3 Rad8 21. Qe2 d5 22. dxc5
Bxc3 23. Rxc3 Qxc5 24. Rfc1 Qb4 25. cxd5 Nxd5 26. Rc4 Qa3 27. Bxd5 Bd3 28. Qe1
Rxd5 29. Rc6 Qxa4 30. Rxb6 Rxb5 31. Rd6 Be4 32. Rd4 Rb4 33. Rxb4 axb4 34. Nxe4
b3 35. Nc5 Qb5 36. Qc3 Rc8 37. Qxb3 Rxc5 38. Qxb5 Rxb5 {Game drawn by mutual
agreement} 1/2-1/2

[Event "Team 45 45 League T26"]
[Site "Internet Chess Club"]
[Date "2005.04.08"]
[Round "3"]
[White "nightflier"]
[Black "GolferBob"]
[Result "1-0"]
[WhiteElo "1866"]
[BlackElo "1698"]
[TimeControl "2700+45"]

1. d4 Nf6 2. c4 e6 3. Nc3 Bb4 4. e3 d5 5. Bd3 O-O 6. Nf3 c5 7. O-O Nc6 8. a3
Bxc3 9. bxc3 cxd4 10. exd4 Ne7 11. Re1 b6 12. Rb1 Ba6 13. Ne5 Rc8 14. Qa4 dxc4
15. Bxh7+ Nxh7 16. Qxa6 Nd5 17. Bd2 Rc7 18. Nxc4 Qc8 19. Qxc8 Rfxc8 20. Nd6 Rd8
21. Nb5 Rb7 22. c4 Nc7 23. Be3 Nxb5 24. Rxb5 Rbd7 25. a4 Nf6 26. a5 bxa5 27. Ra1
Ng4 28. h3 Nxe3 29. fxe3 f5 30. g3 Kf7 31. Rbxa5 Rb7 32. Rxa7 Rb8 33. Kf2 Kf6
34. Rxb7 Rxb7 35. Kf3 g5 36. Ra6 Ke7 37. h4 gxh4 38. gxh4 Rb1 39. Kf4 Rf1+ 40.
Ke5 Re1 41. Rxe6+ Kf7 42. Kxf5 Rf1+ 43. Ke5 Re1 44. Kd6 {Black resigns} 1-0

[Event "Team 45 45 League T26"]
[Site "Internet Chess Club"]
[Date "2005.04.02"]
[Round "3"]
[White "StrayLite"]
[Black "softbunney"]
[Result "0-1"]
[WhiteElo "1951"]
[BlackElo "2114"]
[TimeControl "2700+45"]

1. e4 c5 2. Nf3 Nc6 3. d4 cxd4 4. Nxd4 Nf6 5. Nc3 e5 6. Ndb5 d6 7. Bg5 a6 8. Na3
b5 9. Nd5 Be7 10. Bxf6 Bxf6 11. c3 Bg5 12. g3 O-O 13. h4 Bh6 14. Nc2 f5 15. Bg2
f4 16. g4 g6 17. g5 Bg7 18. Bf3 Be6 19. Bg4 Bf7 20. Qd3 Ne7 21. Ncb4 Nxd5 22.
Nxd5 a5 23. Qh3 Bxd5 24. exd5 h5 25. gxh6 Bxh6 26. h5 g5 27. Be6+ Kh8 28. Qd3 b4
29. c4 Qf6 30. f3 e4 31. Qxe4 Qxb2 32. Rd1 Qc3+ 33. Ke2 Rae8 34. Rc1 Qf6 35.
Rhg1 Bg7 36. h6 Bxh6 37. Rh1 Kg7 38. c5 dxc5 39. Rxc5 Re7 40. Kf2 Rb8 41. Qc2 a4
42. Qxa4 Qd4+ {White resigns} 0-1

[Event "Team 45 45 League T26"]
[Site "Internet Chess Club"]
[Date "2005.03.31"]
[Round "3"]
[White "Akaineco"]
[Black "kabindra"]
[Result "1-0"]
[WhiteElo "2011"]
[BlackElo "1756"]
[TimeControl "2700+45"]

1. e4 e5 2. f4 exf4 3. Nf3 Be7 4. Bc4 Bh4+ 5. Kf1 Qf6 6. Nc3 Ne7 7. e5 Qh6 8. d4
O-O 9. Ne2 Ng6 10. g3 Bxg3 11. Nxg3 Qh3+ 12. Kf2 fxg3+ 13. hxg3 Qg4 14. Be2 f6
15. Kg2 fxe5 16. Ng5 Qf5 17. Rf1 Nf4+ 18. gxf4 e4 19. Bg4 Qd5 20. Be3 h6 21. c4
Qc6 22. d5 Qg6 23. f5 Qe8 24. Bh5 Qe7 25. d6 cxd6 26. Qd5+ Kh8 27. Nf7+ Rxf7 28.
Qxf7 Qd8 29. f6 Qg8 30. fxg7+ Qxg7+ 31. Qxg7+ Kxg7 32. Bd4+ Kh7 33. Rf7+ Kg8 34.
Rg1 {Black resigns} 1-0

[Event "Team 45 45 League T26"]
[Site "Internet Chess Club"]
[Date "2005.04.11"]
[Round "3"]
[White "tgralex"]
[Black "six-killer"]
[Result "1-0"]
[WhiteElo "1856"]
[BlackElo "1779"]
[TimeControl "2700+45"]

1. e4 c5 2. Nf3 d6 3. d4 cxd4 4. Nxd4 Nf6 5. Nc3 a6 6. Be3 e5 7. Nde2 Be6 8. Qd2
d5 9. exd5 Nxd5 10. O-O-O Bb4 11. Qd3 Qa5 12. Nxd5 Qxa2 13. Nc7+ {Black resigns}
1-0

[Event "Team 45 45 League T26"]
[Site "Internet Chess Club"]
[Date "2005.04.02"]
[Round "3"]
[White "Kingofknights"]
[Black "GhostMate"]
[Result "1/2-1/2"]
[WhiteElo "1682"]
[BlackElo "1653"]
[TimeControl "2700+45"]

1. d4 d5 2. c4 e5 3. dxe5 d4 4. g3 Nc6 5. Bf4 Be6 6. Qc2 Bb4+ 7. Bd2 Bxd2+ 8.
Nxd2 Nxe5 9. b3 Nf6 10. Ngf3 Qd6 11. Bg2 d3 12. Qc3 Nxf3+ 13. Bxf3 dxe2 14. Kxe2
O-O-O 15. Rhd1 Bh3 16. Ne4 Nxe4 17. Bxe4 Qe7 18. Qe3 Qb4 19. Qxa7 c6 20. Qe3 Qa5
21. Qf4 Rhe8 22. Rxd8+ Qxd8 23. Rd1 Qa5 24. Kf3 Qh5+ 25. g4 Bxg4+ 26. Qxg4+
Qxg4+ 27. Kxg4 Rxe4+ 28. Kf3 Re6 29. b4 Rf6+ 30. Kg3 Rg6+ 31. Kf3 Rf6+ 32. Kg3
Rg6+ 33. Kf3 Rf6+ 34. Ke3 Re6+ 35. Kf3 Rf6+ {Game drawn by repetition} 1/2-1/2

[Event "Team 45 45 League T26"]
[Site "Internet Chess Club"]
[Date "2005.04.04"]
[Round "3"]
[White "Irvin"]
[Black "Winclick"]
[Result "1-0"]
[WhiteElo "1777"]
[BlackElo "1688"]
[TimeControl "2700+45"]

1. e4 e5 2. Nf3 Nc6 3. Bc4 Nf6 4. Ng5 d5 5. exd5 Nxd5 6. Nxf7 Kxf7 7. Qf3+ Ke6
8. Nc3 Ne7 9. O-O c6 10. Re1 Qb6 11. Qe4 Ng6 12. d4 Bd6 13. Be3 Qa5 14. dxe5 Bb4
15. Nxd5 cxd5 16. Bxd5+ Qxd5 17. Qxb4 a5 18. Qc3 Ra6 19. f4 Rc6 20. Qd3 Nh4 21.
Re2 h5 22. Rd1 Rd8 23. Bd4 Nf5 24. c3 b5 25. Qh3 g6 26. g4 hxg4 27. Qxg4 Kf7 28.
Qh3 Rg8 29. Red2 Qxa2 30. Qh7+ Ng7 31. Be3 Qe6 32. Rd8 Qg4+ 33. Kf2 Rxd8 34.
Rxd8 Qh5 35. Qg8+ Ke7 36. Qf8+ Ke6 37. Qf6# {Black checkmated} 1-0

[Event "Team 45 45 League T26"]
[Site "Internet Chess Club"]
[Date "2005.04.04"]
[Round "3"]
[White "bmw2002"]
[Black "Aquaman"]
[Result "0-1"]
[WhiteElo "1634"]
[BlackElo "1699"]
[TimeControl "2700+45"]

1. c4 e5 2. g3 Nf6 3. Bg2 c6 4. Nc3 Bb4 5. a3 Bxc3 6. bxc3 O-O 7. e4 d6 8. Ne2
Be6 9. d3 h6 10. O-O Qd7 11. f4 Bh3 12. Be3 Bxg2 13. Kxg2 Ng4 14. Bd2 Nf6 15. f5
d5 16. cxd5 cxd5 17. Qc2 dxe4 18. dxe4 Qc6 19. Kf3 Nbd7 20. g4 Nc5 21. Ng3 Nh7
22. h4 Rad8 23. Rad1 Rd3+ 24. Be3 Rfd8 25. Rxd3 Rxd3 26. Rd1 Rxd1 27. Qxd1 b6
28. Qd8+ Nf8 29. Qe7 f6 30. Qxa7 Na4 31. Qe7 Qd7 32. Qb4 Qd1+ 33. Kf2 Qc2+ 34.
Ne2 Nd7 35. Kf3 Qd1 36. Qe7 Nxc3 37. Qe8+ Nf8 38. Bxb6 Qxe2+ 39. Kg3 Nxe4+ 40.
Kh3 Qf3+ 41. Kh2 Qg3+ 42. Kh1 Qxh4+ 43. Kg1 Qxg4+ 44. Kf1 Qxf5+ 45. Kg1 Qg6+
{White resigns} 0-1

[Event "Team 45 45 League T26"]
[Site "Internet Chess Club"]
[Date "2005.04.01"]
[Round "3"]
[White "DeepHmmm"]
[Black "Ser-Enigma"]
[Result "1/2-1/2"]
[WhiteElo "2171"]
[BlackElo "2037"]
[TimeControl "2700+45"]

1. Nf3 Nf6 2. g3 d5 3. Bg2 e6 4. O-O Be7 5. d3 O-O 6. Nbd2 c5 7. e4 Nc6 8. Re1
b5 9. e5 Nd7 10. Qe2 b4 11. Nf1 a5 12. h4 Ba6 13. c4 bxc3 14. bxc3 Rc8 15. Bf4
a4 16. N1h2 Qa5 17. Bd2 Qb5 18. Bf1 a3 19. Rab1 Qa4 20. Bf4 Na7 21. h5 Nb5 22.
Qd2 d4 23. c4 Nc3 24. Rb3 Rb8 25. Qc2 Rb4 26. Bd2 Rfb8 27. Bxc3 dxc3 28. Rxc3
Qxc2 29. Rxc2 Rb2 30. Rce2 Bd8 31. Ra1 Ba5 32. Ng4 Rb1 33. Rxb1 Rxb1 34. Nd2 Rb2
35. Nb3 Bc3 36. f4 Bb7 37. Kf2 Bd4+ 38. Ne3 f6 39. exf6 Nxf6 40. Nxd4 cxd4 41.
Nd1 Rb1 42. Rd2 Ng4+ 43. Ke1 Bc6 44. Be2 Ne3 45. Kf2 Nf5 46. Bg4 Kf7 47. Bf3 Ba4
48. g4 Ne7 49. Ke2 g6 50. h6 g5 51. fxg5 Kg6 52. Be4+ Kxg5 53. Bxh7 Kxh6 54. Be4
Kg5 55. Nf2 Rb2 56. Nd1 Rxd2+ 57. Kxd2 Kxg4 58. Nc3 dxc3+ 59. Kxc3 Nc6 60. d4
Kf4 61. Bxc6 Bxc6 62. d5 exd5 63. cxd5 Bxd5 64. Kb4 Bxa2 {Game drawn by mutual
agreement} 1/2-1/2

[Event "Team 45 45 League T26"]
[Site "Internet Chess Club"]
[Date "2005.04.02"]
[Round "3"]
[White "SpanishFly"]
[Black "Squaredance"]
[Result "1/2-1/2"]
[WhiteElo "2017"]
[BlackElo "1933"]
[TimeControl "2700+45"]

1. e4 d5 2. exd5 Qxd5 3. Nc3 Qa5 4. Nf3 Nf6 5. Be2 c6 6. O-O Bf5 7. Nh4 e6 8.
Nxf5 Qxf5 9. d4 Bd6 10. f4 Nbd7 11. Bd3 Qa5 12. Bd2 Qc7 13. Ne4 Nxe4 14. Bxe4
Nf6 15. Bd3 O-O-O 16. b4 Nd5 17. b5 c5 18. dxc5 Qxc5+ 19. Kh1 Qc7 20. Qf3 Nf6
21. a4 Bc5 22. a5 Rd6 23. b6 Qc6 24. Qe2 Rhd8 25. a6 Bxb6 26. axb7+ Kxb7 27.
Rfb1 Kc7 28. Ra6 Qd5 29. Ba5 R8d7 30. Bxb6+ axb6 31. h3 Qc5 32. Ra8 Rd4 33. Qf3
Qd5 34. Ra7+ Kd8 35. Ra8+ Kc7 36. Ra7+ Kd8 37. Ra8+ {Game drawn by mutual
agreement} 1/2-1/2

[Event "Team 45 45 League T26"]
[Site "Internet Chess Club"]
[Date "2005.04.01"]
[Round "3"]
[White "siddhu"]
[Black "Nomad"]
[Result "1/2-1/2"]
[WhiteElo "1907"]
[BlackElo "1915"]
[TimeControl "2700+45"]

1. e4 c5 2. c3 d5 3. exd5 Qxd5 4. d4 Nc6 5. Qf3 Qe6+ 6. Qe3 cxd4 7. Qxe6 Bxe6 8.
Bb5 Bd5 9. f3 e5 10. Ne2 O-O-O 11. cxd4 exd4 12. O-O Bc5 13. Nf4 Nge7 14. Bd2
Ne5 15. Rc1 b6 16. b4 Kb7 17. bxc5 bxc5 18. Rxc5 Kb6 19. Bb4 g5 20. Ba4 gxf4 21.
Rb5+ Ka6 22. Bxe7 Rd7 23. Bf6 Re8 24. Bxe5 Rxe5 25. Rc5 Rde7 26. Nd2 Re2 27.
Rxd5 Rxd2 28. Bb5+ Kb6 29. Rb1 a6 30. Bd3+ Ka7 31. Rxd4 Rxa2 32. Be4 Ra5 33.
Rdb4 Rb5 34. Rxb5 axb5 35. Rxb5 Rd7 36. g3 fxg3 37. hxg3 h6 38. Kg2 Ka6 39. Rb2
Rd6 40. Kf2 Ka5 41. Ke3 Re6 42. Kf4 Ka4 43. Bd5 Rd6 44. Ke5 Rg6 45. g4 Rg5+ 46.
Kd6 Ka3 47. Rb8 f5 48. gxf5 Rxf5 49. Ke6 Rg5 50. Kf6 Rxd5 {Game drawn by mutual
agreement} 1/2-1/2

[Event "Team 45 45 League T26"]
[Site "Internet Chess Club"]
[Date "2005.04.01"]
[Round "3"]
[White "TheWhisper"]
[Black "BaroneRosso"]
[Result "1-0"]
[WhiteElo "2156"]
[BlackElo "2009"]
[TimeControl "2700+45"]

1. e4 c5 2. Nf3 e6 3. d3 Nc6 4. g3 g6 5. Bg2 Bg7 6. O-O Nge7 7. c3 e5 8. a3 d6
9. b4 h6 10. Nbd2 Be6 11. Bb2 O-O 12. Qe2 Rb8 13. b5 Na5 14. c4 b6 15. Ne1 Qd7
16. Nc2 f5 17. exf5 Nxf5 18. Rae1 Rbe8 19. Bc3 Qc8 20. Bxa5 bxa5 21. a4 Nd4 22.
Nxd4 exd4 23. Ne4 Qc7 24. f4 d5 25. cxd5 Bxd5 26. Qc2 Bxe4 27. Bxe4 Qd6 28. Bc6
Re3 29. Qd2 Qe7 30. Be4 g5 31. f5 Kh8 32. Kg2 Rxe1 33. Rxe1 Qc7 34. Rc1 Be5 35.
Qa2 Rf6 36. Qd5 Bd6 37. Qc6 Qxc6 38. bxc6 Kg7 39. Rb1 Rf7 40. Rb5 Kf6 41. Rxa5
Re7 42. Kf3 Ke5 43. Rb5 Kf6 44. Kg4 Kg7 45. h4 Kf6 46. hxg5+ hxg5 47. Rb2 Rh7
48. Bd5 Be5 49. Be6 Rc7 50. Bd7 Bd6 51. Rh2 Bf8 52. Re2 Be7 53. Re6+ Kf7 54. Kf3
Bd8 55. Ke4 Be7 56. Kd5 Bf8 57. Kc4 a6 58. g4 Be7 59. Re5 Kf6 60. Rxc5 Bxc5 61.
Kxc5 Ke7 62. Kb6 {Black resigns} 1-0

[Event "Team 45 45 League T26"]
[Site "Internet Chess Club"]
[Date "2005.03.31"]
[Round "3"]
[White "bobhill"]
[Black "fileman"]
[Result "1-0"]
[WhiteElo "2013"]
[BlackElo "1926"]
[TimeControl "2700+45"]

1. d4 Nc6 2. Nf3 d5 3. Bg5 Nf6 4. e3 e6 5. c3 Be7 6. Bd3 O-O 7. Nbd2 Nh5 8. Bxe7
Qxe7 9. h4 e5 10. Nxe5 Nxe5 11. Bxh7+ Kxh7 12. Qxh5+ Kg8 13. Qxe5 Qd8 14. h5 Re8
15. Qf4 Re6 16. Nf3 Rf6 17. Qh4 Qd6 18. Ne5 Rh6 19. g4 f6 20. Ng6 Be6 21. g5
fxg5 22. Qxg5 Bf7 23. Ne7+ Kh7 24. Qf5+ Kh8 25. Qxf7 Rf6 26. Ng6+ Kh7 27. Qe7
Qb6 28. Qb4 Qa6 29. Qb3 c6 30. Qc2 Kh6 31. Ne5 Raf8 32. Ng4+ {Black resigns} 1-0

[Event "Team 45 45 League T26"]
[Site "Internet Chess Club"]
[Date "2005.04.04"]
[Round "3"]
[White "LoseOften"]
[Black "Beetlejuice"]
[Result "0-1"]
[WhiteElo "1815"]
[BlackElo "1861"]
[TimeControl "2700+45"]

1. e4 e5 2. f4 d5 3. exd5 exf4 4. Nf3 Nf6 5. c4 c6 6. dxc6 Nxc6 7. d4 Bb4+ 8.
Nc3 O-O 9. Be2 Ne4 10. Qb3 Nxd4 11. Nxd4 Qh4+ 12. Kd1 Bxc3 13. Nf3 Qd8+ 14. Kc2
Bf5 15. Qa3 Ng3+ 16. Kxc3 Nxe2+ 17. Kb3 Qb6+ 18. Qb4 Bc2+ 19. Ka3 Qa6+ 20. Qa5
Qxa5# {White checkmated} 0-1

[Event "Team 45 45 League T26"]
[Site "Internet Chess Club"]
[Date "2005.04.03"]
[Round "3"]
[White "camembert"]
[Black "Plattner"]
[Result "1/2-1/2"]
[WhiteElo "1863"]
[BlackElo "1793"]
[TimeControl "2700+45"]

1. e4 e6 2. d4 d5 3. Nc3 Bb4 4. Bd2 dxe4 5. Qg4 Nf6 6. Qxg7 Rg8 7. Qh6 Rg6 8.
Qh4 Qxd4 9. O-O-O Qe5 10. Bf4 Qa5 11. Nxe4 Qxa2 12. Nxf6+ Rxf6 13. c3 Qa1+ 14.
Kc2 Qa4+ 15. Kc1 Bxc3 16. Bb5+ Qxb5 17. bxc3 Nd7 18. Rxd7 Bxd7 19. Qxf6 Qf1+ 20.
Kb2 Qxf2+ 21. Ka3 Qc5+ 22. Kb2 Qf2+ {Game drawn by mutual agreement} 1/2-1/2

[Event "Team 45 45 League T26"]
[Site "Internet Chess Club"]
[Date "2005.04.03"]
[Round "3"]
[White "gartman"]
[Black "fernbap"]
[Result "0-1"]
[WhiteElo "1652"]
[BlackElo "1740"]
[TimeControl "2700+45"]

1. e4 e5 2. Nf3 Nc6 3. Bb5 a6 4. Ba4 Nf6 5. O-O Be7 6. Re1 b5 7. Bb3 d6 8. c3
O-O 9. h3 Na5 10. Bc2 c5 11. d4 Nc6 12. d5 Nb8 13. Nbd2 Nbd7 14. Nf1 Re8 15. g4
h6 16. Ng3 Nh7 17. Nf5 Ndf8 18. Kh1 Ng6 19. Rg1 Nf4 20. Bxf4 exf4 21. Qd3 Bxf5
22. gxf5 Ng5 23. Rg2 Nxh3 24. e5 dxe5 25. f6 Bxf6 26. Qf5 Ng5 27. Nxg5 hxg5 28.
Qh7+ Kf8 29. Be4 Qd6 30. Rag1 Ke7 31. Qf5 Rh8+ 32. Rh2 Rxh2+ 33. Kxh2 Rh8+ 34.
Kg2 Qd7 35. d6+ Qxd6 36. Bc2 Qd5+ 37. f3 Qd2+ 38. Kf1 Rh2 {White resigns} 0-1

[Event "Team 45 45 League T26"]
[Site "Internet Chess Club"]
[Date "2005.04.01"]
[Round "3"]
[White "Pawndemonium"]
[Black "PostMike"]
[Result "1-0"]
[WhiteElo "1688"]
[BlackElo "1466"]
[TimeControl "2700+45"]

1. Nf3 Nf6 2. g3 b6 3. Bg2 Bb7 4. O-O c5 5. d3 g6 6. e4 Bg7 7. Nbd2 d5 8. exd5
Bxd5 9. c3 O-O 10. d4 cxd4 11. Nxd4 Bxg2 12. Kxg2 Na6 13. Re1 Nc5 14. N2f3 Qc7
15. Bg5 h6 16. Bf4 Qb7 17. Kg1 Rfd8 18. Qe2 Nfe4 19. Rac1 f5 20. Ne5 Kh7 21. h4
Bf6 22. Nf7 Rd5 23. Nxh6 e5 24. Nhxf5 exf4 25. b4 gxf5 26. Qh5+ Kg8 27. bxc5
Bxd4 28. cxd4 Qh7 29. Qf3 fxg3 30. fxg3 Rxd4 31. c6 Rc8 32. h5 Nf6 33. Qc3 Rd6
34. Qc4+ Qf7 35. Qf4 Rdxc6 36. Rxc6 Rxc6 37. h6 Nh5 38. Qg5+ Rg6 39. h7+ Kxh7
40. Qxh5+ Kg7 41. Qh4 Qf6 42. Re7+ Kf8 43. Qxf6+ Rxf6 44. Rxa7 Rf7 45. Ra4 Kg7
46. Kf2 Re7 47. Kf3 Kf6 48. Kf4 Re5 49. Rc4 Rc5 50. Rxc5 bxc5 51. a4 c4 52. a5
c3 53. Ke3 f4+ 54. gxf4 {Black resigns} 1-0

[Event "Team 45 45 League T26"]
[Site "Internet Chess Club"]
[Date "2005.04.02"]
[Round "3"]
[White "Eatfatty"]
[Black "Kaseirovski"]
[Result "1-0"]
[WhiteElo "1576"]
[BlackElo "1558"]
[TimeControl "2700+45"]

1. e4 d6 2. d4 Nf6 3. Nc3 g6 4. Nf3 Bg7 5. Be2 O-O 6. O-O c6 7. Bg5 b5 8. a3 Qc7
9. Bf4 Bb7 10. Qd2 a6 11. Rfe1 c5 12. e5 cxd4 13. Qxd4 Ng4 14. exd6 Bxd4 15.
dxc7 Bxf2+ 16. Kf1 Nc6 17. Red1 Be3 18. Bg3 f6 19. Rd3 Bb6 20. Rad1 Ne3+ 21.
Rxe3 Bxe3 22. Nd5 Bc5 23. b4 Bd6 24. Bxd6 exd6 25. Nb6 Rae8 26. Rxd6 Re7 27. Nd7
Rc8 28. Nxf6+ Kf7 29. Nd5 Re6 30. Ng5+ Kg8 31. Nxe6 Kf7 32. Nc5 Ba8 33. Bg4
{Black resigns} 1-0

[Event "Team 45 45 League T26"]
[Site "Internet Chess Club"]
[Date "2005.04.03"]
[Round "3"]
[White "Joyoyo"]
[Black "mickeys"]
[Result "1/2-1/2"]
[WhiteElo "1692"]
[BlackElo "1670"]
[TimeControl "2700+45"]

1. e4 c5 2. Nf3 Nc6 3. d4 cxd4 4. Nxd4 Nf6 5. f3 d6 6. c4 Qb6 7. Nxc6 Qxc6 8.
Nc3 Be6 9. Qa4 g6 10. Qxc6+ bxc6 11. b3 Bg7 12. Bb2 O-O 13. O-O-O Rfd8 14. Kb1
d5 15. cxd5 cxd5 16. exd5 Nxd5 17. Nxd5 Rxd5 18. Rxd5 Bxd5 19. Bxg7 Kxg7 20. Bc4
Bxc4 21. bxc4 Rc8 22. Rc1 Kf6 23. Kb2 Ke5 24. Kb3 Kd6 25. Rd1+ Kc6 26. g4 Rc7
27. Rd8 Rd7 28. Rxd7 Kxd7 29. Kc3 Kc6 30. a4 Kc5 31. h3 e5 32. g5 a5 33. h4 Kc6
34. Kd3 Kc5 35. Kc3 Kc6 36. Kd3 Kc5 37. Kc3 {Game drawn by repetition} 1/2-1/2

[Event "Team 45 45 League T26"]
[Site "Internet Chess Club"]
[Date "2005.04.01"]
[Round "3"]
[White "allanchs"]
[Black "jmoffitt"]
[Result "0-1"]
[WhiteElo "1616"]
[BlackElo "1619"]
[TimeControl "2700+45"]

1. e4 c5 2. Nf3 d6 3. d4 cxd4 4. Nxd4 Nf6 5. Nc3 g6 6. Be2 Bg7 7. Bg5 O-O 8. Qd2
Nc6 9. Nf3 Bd7 10. Bh6 Rc8 11. Bxg7 Kxg7 12. O-O Qb6 13. Rab1 Bg4 14. h3 Bxf3
15. Bxf3 Ne5 16. Be2 Nc4 17. Bxc4 Rxc4 18. Qd3 Rfc8 19. Rfc1 Rd4 20. Qe2 Rcc4
21. e5 dxe5 22. Qxe5 Rd2 23. Qe3 Qxe3 24. fxe3 Ne4 25. Nxe4 Rxe4 26. Rd1 Rxc2
27. Rd7 Rxe3 28. Rxb7 Ree2 29. Rxa7 Rxg2+ 30. Kh1 Rcf2 31. Rxe7 Rh2+ 32. Kg1
Rxb2 33. Rxb2 Rxb2 34. a4 Ra2 35. Ra7 Kf6 36. a5 Ke6 37. a6 h5 38. Ra8 Kf5 39.
a7 Kf4 40. Rb8 Rxa7 41. Rb4+ Kg3 42. Rb3+ Kh4 43. Kg2 f5 44. Rg3 Ra2+ {White
resigns} 0-1

[Event "Team 45 45 League T26"]
[Site "Internet Chess Club"]
[Date "2005.04.02"]
[Round "3"]
[White "kevinfons"]
[Black "TheBrewer"]
[Result "1-0"]
[WhiteElo "1499"]
[BlackElo "1551"]
[TimeControl "2700+45"]

1. c4 e6 2. Nc3 Nf6 3. e4 d6 4. d3 d5 5. cxd5 exd5 6. exd5 Nxd5 7. Nxd5 Qxd5 8.
Nf3 Bg4 9. Be2 Be7 10. Qa4+ Qc6 11. Qxg4 O-O 12. O-O Nd7 13. Nd4 Qb6 14. Be3 Nf6
15. Qf3 c6 16. Nf5 Qc7 17. Nxe7+ Qxe7 18. Bg5 Rae8 19. Rae1 Qb4 20. Bxf6 gxf6
21. Qg4+ Kh8 22. Qxb4 {Black resigns} 1-0

[Event "Team 45 45 League T26"]
[Site "Internet Chess Club"]
[Date "2005.04.04"]
[Round "3"]
[White "AlPearson"]
[Black "JesterFox"]
[Result "0-1"]
[WhiteElo "1440"]
[BlackElo "1553"]
[TimeControl "2700+45"]

1. e4 c5 2. Nf3 Nc6 3. d4 cxd4 4. Nxd4 e5 5. Nf5 d6 6. Bc4 Bxf5 7. exf5 Nf6 8.
g4 Qb6 9. Nc3 Be7 10. g5 Nd7 11. Qh5 g6 12. fxg6 fxg6 13. Qh6 O-O-O 14. Nd5 Qc5
15. Bb3 Bf8 16. Qh3 Nd4 17. Qc3 Qxc3+ 18. Nxc3 Nxb3 19. axb3 a6 20. f4 Re8 21.
Kf2 Nb6 22. Re1 Bg7 23. fxe5 Rhf8+ 24. Kg2 Bxe5 25. Bd2 Bxc3 26. Bxc3 Nd5 27.
Rxe8+ Rxe8 28. Rf1 Ne3+ 29. Kg3 Nxf1+ {White resigns} 0-1

[Event "Team 45 45 League T26"]
[Site "Internet Chess Club"]
[Date "2005.04.03"]
[Round "3"]
[White "BenjaminSisko"]
[Black "Edinburgh"]
[Result "1-0"]
[WhiteElo "1647"]
[BlackElo "1606"]
[TimeControl "2700+45"]

1. e4 c5 2. Nf3 d6 3. g3 Nf6 4. d3 Nc6 5. Bg2 e6 6. O-O Be7 7. c3 Qc7 8. Nbd2
O-O 9. h4 Rb8 10. a4 b6 11. Re1 Bb7 12. Nc4 Nd7 13. Bf4 Nce5 14. Na3 Ng6 15. Nb5
Qd8 16. Bxd6 Bxd6 17. Nxd6 Ba8 18. Nc4 Qc7 19. h5 Nge5 20. Ncxe5 Nxe5 21. d4
Nxf3+ 22. Bxf3 Rfd8 23. Rc1 cxd4 24. cxd4 Qd6 25. d5 exd5 26. exd5 Bxd5 27. Bxd5
Qxd5 28. Re8+ {Black resigns} 1-0

[Event "Team 45 45 League T26"]
[Site "Internet Chess Club"]
[Date "2005.04.02"]
[Round "3"]
[White "EquesQuartus"]
[Black "Pilgrim"]
[Result "0-1"]
[WhiteElo "1533"]
[BlackElo "1616"]
[TimeControl "2700+45"]

1. Nf3 Nf6 2. c4 c5 3. g3 Nc6 4. Bg2 g6 5. b3 Bg7 6. Bb2 O-O 7. O-O d5 8. d4 Ne4
9. Ne5 Nxd4 10. Bxd4 cxd4 11. Qxd4 Qc7 12. f4 Ng5 13. Nc3 dxc4 14. Nd5 Bxe5 15.
Qxe5 Qxe5 16. fxe5 Bg4 17. Bf3 Bxf3 18. exf3 cxb3 19. Nxe7+ Kg7 20. axb3 Rfe8
21. f4 Rxe7 22. fxg5 Rxe5 23. h4 a6 24. Kf2 Rc8 25. Rac1 Rf5+ 26. Kg2 Rxf1 27.
Rxf1 Rc2+ 28. Rf2 Rxf2+ 29. Kxf2 f6 30. Ke3 fxg5 31. hxg5 Kf7 32. Kd4 Ke6 33.
Kc5 Kd7 34. Kb6 Kc8 35. b4 Kb8 36. Kc5 Kc7 37. Kd5 b6 {White forfeits on time}
0-1

[Event "Team 45 45 League T26"]
[Site "Internet Chess Club"]
[Date "2005.04.10"]
[Round "3"]
[White "scyther314159"]
[Black "rabanito"]
[Result "1-0"]
[WhiteElo "1524"]
[BlackElo "1450"]
[TimeControl "2700+45"]

1. e4 e5 2. Nf3 Nc6 3. Bc4 Nf6 4. Ng5 d5 5. exd5 Na5 6. Bb5+ c6 7. dxc6 bxc6 8.
Be2 h6 9. Nf3 e4 10. Ne5 Qc7 11. d4 exd3 12. Nxd3 Bd6 13. h3 O-O 14. O-O Bf5 15.
Nc3 Rad8 16. b3 Nb7 17. Bb2 Nc5 18. Nxc5 Bh2+ 19. Kh1 Rxd1 20. Nxd1 Be5 21. Bd3
Bxd3 22. Nxd3 Bxb2 23. N1xb2 Re8 24. Rfe1 Re4 25. Kg1 Rxe1+ 26. Rxe1 Nd5 27. Nc4
Nf4 28. Nc5 Qd8 29. Ne4 f5 30. Ned6 Qg5 31. Re8+ Kh7 32. Rh8+ Kg6 33. Ne3 Nxh3+
34. Kf1 f4 35. Nef5 f3 36. gxf3 Qg1+ 37. Ke2 Qxf2+ 38. Kd1 Qxf3+ 39. Kc1 Nf2 40.
Rg8 Qc3 41. Rxg7+ Kh5 42. Rg3 Qa1+ 43. Kd2 Qxa2 44. Ng7+ Kh4 45. Ndf5# {Black
checkmated} 1-0

[Event "Team 45 45 League T26"]
[Site "Internet Chess Club"]
[Date "2005.04.03"]
[Round "3"]
[White "rayngrant"]
[Black "MrAnderssen"]
[Result "1-0"]
[WhiteElo "1605"]
[BlackElo "1644"]
[TimeControl "2700+45"]

1. e4 c5 2. Nf3 d6 3. d4 cxd4 4. Nxd4 Nf6 5. Nc3 g6 6. Be3 Bg7 7. f3 O-O 8. Qd2
Nc6 9. O-O-O d5 10. Nxc6 bxc6 11. exd5 cxd5 12. Nxd5 Nxd5 13. Qxd5 Be6 14. Qxd8
Rfxd8 15. Rxd8+ Rxd8 16. b3 a5 17. Bb6 Ra8 18. a4 Rc8 19. Kd2 Bc3+ 20. Kd1 Rc6
21. Be3 Rd6+ 22. Kc1 Bb4 23. Bd3 Bxb3 24. Bb5 Ba2 25. Kb2 Be6 26. c3 Bxc3+ 27.
Kxc3 f6 28. Bc5 Rd5 29. Bxe7 Kf7 30. Ba3 Re5 31. Rd1 Re3+ 32. Rd3 Re2 33. Rd7+
Bxd7 34. Bxe2 Bxa4 35. Bc4+ Kg7 36. Bc5 Bc6 37. Bb6 a4 38. Kb4 Kh6 39. Bb5 Bxb5
40. Kxb5 a3 41. Bd4 a2 42. Bxf6 g5 43. Kb4 Kg6 44. Bh8 Kf5 45. g3 g4 46. f4 Ke4
47. Ka3 Kf3 48. Kxa2 Kg2 49. f5 Kxh2 50. Be5 h5 51. f6 Kh3 52. f7 h4 53. gxh4
Kxh4 54. f8=Q g3 55. Qf4+ Kh5 56. Qxg3 Kh6 57. Kb2 Kh5 58. Kc2 Kh6 59. Kd3 Kh5
60. Ke4 Kh6 61. Kf5 Kh7 62. Qg7# {Black checkmated} 1-0

[Event "Team 45 45 League T26"]
[Site "Internet Chess Club"]
[Date "2005.04.03"]
[Round "3"]
[White "Thersites"]
[Black "crapalot"]
[Result "1-0"]
[WhiteElo "1681"]
[BlackElo "1688"]
[TimeControl "2700+45"]

1. e4 d5 2. exd5 Qxd5 3. Nc3 Qa5 4. d4 Nf6 5. Bd2 c6 6. h3 e6 7. Nf3 Bb4 8. Bd3
O-O 9. O-O Qb6 10. Bg5 Nbd7 11. a3 Bxc3 12. bxc3 Qa5 13. Bd2 Qh5 14. Re1 c5 15.
Be2 Qd5 16. c4 Qd6 17. c3 Ne4 18. Bd3 Nxd2 19. Qxd2 Nf6 20. d5 exd5 21. cxd5
Qxd5 22. Re5 Qc6 23. Rae1 Bxh3 24. gxh3 Qxf3 25. R1e3 Qc6 26. Qe2 Rfe8 27. Bb5
Rxe5 28. Bxc6 Rxe3 29. Qxe3 bxc6 30. Qxc5 h6 31. Qxc6 Rd8 32. Qc7 Rd3 33. Qc8+
Kh7 34. Qf5+ g6 35. Qxd3 Kg7 36. Qd4 a6 37. c4 h5 38. c5 g5 39. c6 g4 40. c7
{Black resigns} 1-0

[Event "Team 45 45 League T26"]
[Site "Internet Chess Club"]
[Date "2005.04.02"]
[Round "3"]
[White "Rockmaster"]
[Black "dougmo"]
[Result "1-0"]
[WhiteElo "1591"]
[BlackElo "1533"]
[TimeControl "2700+45"]

1. e4 e6 2. f4 d5 3. e5 c5 4. Nf3 Nc6 5. Bb5 Bd7 6. Bxc6 Bxc6 7. O-O Be7 8. d4
Nh6 9. c3 Qb6 10. Qc2 Nf5 11. g4 Nh4 12. Nxh4 Bxh4 13. Be3 Be7 14. Nd2 cxd4 15.
Bxd4 Bc5 16. Nf3 Rc8 17. Kg2 Bb5 18. Rf2 Qa6 19. Bxc5 Rxc5 20. Rd2 Ke7 21. Nd4
Bd7 22. Rf2 b5 23. f5 exf5 24. Nxf5+ Bxf5 25. Qxf5 Qe6 26. Qg5+ Kd7 27. Qxg7
Rcc8 28. Rxf7+ Kc6 29. Rf6 {Black resigns} 1-0